TOP OF THE 1ST |
Chattanooga Lookouts batting - Pitching for Portland Sea Dogs : RHP Justin Carrion
|
Pitching: RHP Justin Carrion
|
|
Batting: LHB Harris Vink
|
0-0: Ball 1-0: Ball 2-0: Ball 3-0: Called Strike 3-1: Base on Balls
|
Batting: SHB Matt Urbani
|
0-0: Called Strike 0-1: Foul Ball, location: 2F 0-2: Ball 1-2: Foul Ball, location: 2F 1-2: Ball 2-2: Foul Ball, location: 2F 2-2: Strikes out looking
|
Batting: LHB Marshall Daul
|
0-0: Called Strike 0-1: Ball 1-1: Fly out, F9 (Flyball, 9, EV 90.6 MPH)
|
Batting: RHB Leo Gonzalez
|
0-0: Called Strike 0-1: Ball 1-1: Called Strike 1-2: Ball 2-2: Foul Ball, location: 2F 2-2: Ball 3-2: Foul Ball, location: 2F 3-2: Strikes out swinging
|
Top of the 1st over - 0 runs, 0 hits, 0 errors, 1 left on base; Chattanooga 0 - Portland 0 |
BOTTOM OF THE 1ST |
Portland Sea Dogs batting - Pitching for Chattanooga Lookouts : RHP Tom Winsor
|
Pitching: RHP Tom Winsor
|
|
Batting: RHB Zi-jing Wang
|
0-0: Called Strike 0-1: Foul Ball, location: 2F 0-2: Ground out 4-3 (Groundball, 4M, EV 79.4 MPH)
|
Batting: SHB Gus Cruz
|
0-0: Called Strike 0-1: Swinging Strike 0-2: Ground out 4-3 (Groundball, 4, EV 99.4 MPH)
|
Batting: LHB David Moore
|
0-0: Swinging Strike 0-1: Ball 1-1: Ball 2-1: Called Strike 2-2: Ball 3-2: Base on Balls
|
Batting: RHB Dave Burwell
|
0-0: Fielders Choice at 2nd, 6-4 (Groundball, 6, EV 84.4 MPH)
|
Bottom of the 1st over - 0 runs, 0 hits, 0 errors, 1 left on base; Chattanooga 0 - Portland 0 |
TOP OF THE 2ND |
Chattanooga Lookouts batting - Pitching for Portland Sea Dogs : RHP Justin Carrion
|
Batting: LHB Jon Ventura
|
0-0: Ball 1-0: Called Strike 1-1: Foul Ball, location: 2F 1-2: Strikes out swinging
|
Batting: RHB Michael McDonald
|
0-0: Called Strike 0-1: Foul Ball, location: 2F 0-2: Ball 1-2: Ball 2-2: Strikes out swinging
|
Batting: RHB John Dew
|
0-0: Ball 1-0: Called Strike 1-1: Ball 2-1: Fly out, F3 (Line Drive, 3, EV 71.9 MPH)
|
Top of the 2nd over - 0 runs, 0 hits, 0 errors, 0 left on base; Chattanooga 0 - Portland 0 |
BOTTOM OF THE 2ND |
Portland Sea Dogs batting - Pitching for Chattanooga Lookouts : RHP Tom Winsor
|
Batting: LHB Sergio Tinoco
|
0-0: Ball 1-0: Swinging Strike 1-1: Called Strike 1-2: Fly out, F6 (Popup, 6MS, EV 73.1 MPH)
|
Batting: RHB Alex Melendez
|
0-0: Fly out, F9 (Line Drive, 9, EV 92.5 MPH)
|
Batting: RHB Mike Batko
|
0-0: Ball 1-0: Ball 2-0: Called Strike 2-1: Swinging Strike 2-2: Fly out, F8 (Flyball, 8LS, EV 75.0 MPH)
|
Bottom of the 2nd over - 0 runs, 0 hits, 0 errors, 0 left on base; Chattanooga 0 - Portland 0 |
TOP OF THE 3RD |
Chattanooga Lookouts batting - Pitching for Portland Sea Dogs : RHP Justin Carrion
|
Batting: RHB Nick Phipps
|
0-0: DOUBLE (Line Drive, 8RXD, EV 109.4 MPH)
|
Batting: RHB Jose Gracia
|
0-0: Called Strike 0-1: Foul Ball, location: 2F 0-2: Ball 1-2: Strikes out swinging
|
Batting: LHB Harris Vink
|
0-0: Ground out U3 (Groundball, 3, EV 93.1 MPH) Nick Phipps to third
|
Batting: SHB Matt Urbani
|
0-0: Swinging Strike 0-1: Foul Ball, location: 2F 0-2: Strikes out looking
|
Top of the 3rd over - 0 runs, 1 hit, 0 errors, 1 left on base; Chattanooga 0 - Portland 0 |
BOTTOM OF THE 3RD |
Portland Sea Dogs batting - Pitching for Chattanooga Lookouts : RHP Tom Winsor
|
Batting: RHB Frank Sokolosky
|
0-0: Ball 1-0: Called Strike 1-1: Ball 2-1: Ball 3-1: Fly out, F9 (Flyball, 89S, EV 87.5 MPH)
|
Batting: RHB Miguel Villanueva
|
0-0: Swinging Strike 0-1: Called Strike 0-2: Ball 1-2: Strikes out looking
|
Batting: RHB Zi-jing Wang
|
0-0: Called Strike 0-1: Ball 1-1: Swinging Strike 1-2: Ball 2-2: Ground out 6-3 (Groundball, 6, EV 106.2 MPH)
|
Bottom of the 3rd over - 0 runs, 0 hits, 0 errors, 0 left on base; Chattanooga 0 - Portland 0 |
TOP OF THE 4TH |
Chattanooga Lookouts batting - Pitching for Portland Sea Dogs : RHP Justin Carrion
|
Batting: LHB Marshall Daul
|
0-0: Ground out 6-3 (Groundball, 6S, EV 83.8 MPH)
|
Batting: RHB Leo Gonzalez
|
0-0: Ball 1-0: Foul Ball, location: 2F 1-1: Ball 2-1: Ball 3-1: Foul Ball, location: 2F 3-2: Base on Balls
|
Pitching: RHP John LaMotte
|
|
Batting: LHB Jon Ventura
|
0-0: Ball 1-0: Foul Ball, location: 2F 1-1: Ball 2-1: Fielders Choice at 2nd, 2-4 (Groundball, 15S, EV 73.1 MPH)
|
Batting: RHB Michael McDonald
|
0-0: Called Strike 0-1: Ball 1-1: Called Strike Jon Ventura steals 2nd base 1-2: Ball 2-2: Ball 3-2: Foul Ball, location: 2F 3-2: Fly out, F8 (Line Drive, 8RM, EV 105.0 MPH)
|
Top of the 4th over - 0 runs, 0 hits, 0 errors, 1 left on base; Chattanooga 0 - Portland 0 |
BOTTOM OF THE 4TH |
Portland Sea Dogs batting - Pitching for Chattanooga Lookouts : RHP Tom Winsor
|
Batting: SHB Gus Cruz
|
0-0: Ball 1-0: Reached on error, E1 (Groundball, 15S, EV 68.8 MPH)
|
Batting: LHB David Moore
|
0-0: Called Strike 0-1: Ball 1-1: Ball 2-1: Foul Ball, location: 2F 2-2: Foul Ball, location: 2F 2-2: Strikes out swinging
|
Batting: RHB Dave Burwell
|
0-0: Ball 1-0: Ball 2-0: Foul Ball, location: 2F 2-1: Fly out, F7 (Flyball, 7LM, EV 105.6 MPH)
|
Batting: LHB Sergio Tinoco
|
0-0: Swinging Strike 0-1: Foul Ball, location: 2F 0-2: Ball 1-2: Foul Ball, location: 2F 1-2: Ball 2-2: Foul Ball, location: 2F 2-2: Fly out, F6 (Popup, 6MS, EV 65.0 MPH)
|
Bottom of the 4th over - 0 runs, 0 hits, 1 error, 1 left on base; Chattanooga 0 - Portland 0 |
TOP OF THE 5TH |
Chattanooga Lookouts batting - Pitching for Portland Sea Dogs : RHP John LaMotte
|
Batting: RHB John Dew
|
0-0: Ball 1-0: Called Strike 1-1: Ball 2-1: Fly out, F7 (Flyball, 78S, EV 93.1 MPH)
|
Batting: RHB Nick Phipps
|
0-0: Swinging Strike 0-1: Ball 1-1: Called Strike 1-2: Ground out 1-3 (Groundball, 13S, EV 61.9 MPH)
|
Batting: RHB Jose Gracia
|
0-0: Called Strike 0-1: Foul Ball, location: 2F 0-2: Foul Ball, location: 2F 0-2: Ball 1-2: Ball 2-2: Foul Ball, location: 2F 2-2: Ball 3-2: Foul Ball, location: 2F 3-2: Strikes out swinging
|
Top of the 5th over - 0 runs, 0 hits, 0 errors, 0 left on base; Chattanooga 0 - Portland 0 |
BOTTOM OF THE 5TH |
Portland Sea Dogs batting - Pitching for Chattanooga Lookouts : RHP Tom Winsor
|
Batting: RHB Alex Melendez
|
0-0: Ball 1-0: Ground out 6-3 (Groundball, 6, EV 98.1 MPH)
|
Batting: RHB Mike Batko
|
0-0: Called Strike 0-1: Ball 1-1: Ball 2-1: Ball 3-1: Foul Ball, location: 2F 3-2: Base on Balls
|
Batting: RHB Frank Sokolosky
|
0-0: Ball 1-0: Ball 2-0: Ball 3-0: Called Strike 3-1: Base on Balls Mike Batko to second
|
Batting: RHB Miguel Villanueva
|
0-0: Foul Ball, location: 2F 0-1: Ball 1-1: Ball 2-1: Ball 3-1: Foul Ball, location: 2F 3-2: Foul Ball, location: 2F 3-2: Foul Ball, location: 2F 3-2: Foul Ball, location: 2F 3-2: Base on Balls Mike Batko to third Frank Sokolosky to second
|
Batting: RHB Zi-jing Wang
|
0-0: SINGLE (Line Drive, 89M, EV 104.4 MPH) Mike Batko scores Frank Sokolosky to third Miguel Villanueva to second
|
Batting: SHB Gus Cruz
|
0-0: Called Strike 0-1: Ball 1-1: Foul Ball, location: 2F 1-2: Fielders Choice at 2nd, 4-6 (Groundball, 4, EV 85.0 MPH) Frank Sokolosky scores Miguel Villanueva to third
|
Batting: LHB David Moore
|
0-0: Ball Balk! Miguel Villanueva scores Gus Cruz to second 1-0: Foul Ball, location: 2F 1-1: Foul Ball, location: 2F 1-2: Ball 2-2: Ball 3-2: Ground out 1-3 (Groundball, 13, EV 67.5 MPH)
|
Bottom of the 5th over - 3 runs, 1 hit, 0 errors, 1 left on base; Chattanooga 0 - Portland 3 |
TOP OF THE 6TH |
Chattanooga Lookouts batting - Pitching for Portland Sea Dogs : RHP John LaMotte
|
Batting: LHB Harris Vink
|
0-0: Ball 1-0: Ball 2-0: SINGLE (Line Drive, 8LS, EV 97.5 MPH)
|
Batting: SHB Matt Urbani
|
0-0: Called Strike 0-1: Swinging Strike 0-2: Foul Ball, location: 2F 0-2: Ball 1-2: Ball 2-2: Strikes out swinging
|
Batting: LHB Marshall Daul
|
0-0: Called Strike Harris Vink is caught stealing 2nd base 2-6 0-1: Ball 1-1: SOLO HOME RUN (Flyball, 89XD, EV 114.4 MPH), Distance : 434 ft
|
Batting: RHB Leo Gonzalez
|
0-0: Foul Ball, location: 2F 0-1: Ball 1-1: Ball 2-1: Ball 3-1: Swinging Strike 3-2: Base on Balls
|
Pitching: RHP Juan Mejia
|
|
Batting: LHB Jon Ventura
|
0-0: Ball 1-0: Called Strike 1-1: SINGLE (Groundball, 56D, EV 110.6 MPH) Leo Gonzalez to second
|
Batting: RHB Michael McDonald
|
0-0: Ball 1-0: SINGLE (Groundball, 6MD, EV 98.8 MPH) Leo Gonzalez to third Jon Ventura to second
|
Batting: RHB John Dew
|
0-0: Ball 1-0: Ball 2-0: Foul Ball, location: 2F 2-1: Ball 3-1: Called Strike 3-2: Ground out U3 (Groundball, 34S, EV 81.9 MPH)
|
Top of the 6th over - 1 run, 4 hits, 0 errors, 3 left on base; Chattanooga 1 - Portland 3 |
BOTTOM OF THE 6TH |
Portland Sea Dogs batting - Pitching for Chattanooga Lookouts : RHP Tom Winsor
|
Batting: RHB Dave Burwell
|
0-0: Called Strike 0-1: Fly out, F9 (Flyball, 9D, EV 98.8 MPH)
|
Batting: LHB Sergio Tinoco
|
0-0: Ball 1-0: Foul Ball, location: 2F 1-1: Ball 2-1: Ball 3-1: Base on Balls
|
Pitching: LHP John Pedlar
|
|
Batting: RHB Alex Melendez
|
0-0: Ball 1-0: Fly out, F8 (Line Drive, 8RM, EV 90.6 MPH)
|
Batting: RHB Mike Batko
|
0-0: Ball Sergio Tinoco is caught stealing 2nd base 2-4
|
Bottom of the 6th over - 0 runs, 0 hits, 0 errors, 0 left on base; Chattanooga 1 - Portland 3 |
TOP OF THE 7TH |
Chattanooga Lookouts batting - Pitching for Portland Sea Dogs : RHP Juan Mejia
|
Batting: RHB Nick Phipps
|
0-0: Called Strike 0-1: Swinging Strike 0-2: Strikes out swinging passed ball, reaches first!
|
Batting: RHB Jose Gracia
|
0-0: Grounds into double play, 6-4-3 (Groundball, 6, EV 83.8 MPH)
|
Batting: LHB Harris Vink
|
0-0: Ball 1-0: Foul Ball, location: 2F 1-1: Ball 2-1: Ground out 6-3 (Groundball, 6MD, EV 99.4 MPH)
|
Top of the 7th over - 0 runs, 0 hits, 0 errors, 0 left on base; Chattanooga 1 - Portland 3 |
BOTTOM OF THE 7TH |
Portland Sea Dogs batting - Pitching for Chattanooga Lookouts : LHP John Pedlar
|
Batting: RHB Mike Batko
|
0-0: Foul Ball, location: 2F 0-1: Ball 1-1: Fly out, F8 (Line Drive, 8RS, EV 91.2 MPH)
|
Batting: RHB Frank Sokolosky
|
0-0: SINGLE (Groundball, 23, EV 65.6 MPH) (infield hit)
|
Batting: RHB Miguel Villanueva
|
0-0: Called Strike 0-1: Called Strike Frank Sokolosky steals 2nd base 0-2: Ball 1-2: Ground out 6-3 (Groundball, 6M, EV 87.5 MPH) Frank Sokolosky to third
|
Batting: RHB Zi-jing Wang
|
0-0: Ball 1-0: Swinging Strike 1-1: Ball 2-1: Foul Ball, location: 2F 2-2: Ground out 3-1 (Groundball, 34S, EV 91.2 MPH)
|
Bottom of the 7th over - 0 runs, 1 hit, 0 errors, 1 left on base; Chattanooga 1 - Portland 3 |
TOP OF THE 8TH |
Chattanooga Lookouts batting - Pitching for Portland Sea Dogs : RHP Juan Mejia
|
Pitching: LHP Kevin Turner
|
|
Batting: SHB Matt Urbani
|
0-0: Called Strike 0-1: Ball 1-1: Ground out 6-3 (Groundball, 6, EV 88.8 MPH)
|
Batting: LHB Marshall Daul
|
0-0: Ball 1-0: Ball 2-0: Foul Ball, location: 2F 2-1: Ground out 6-3 (Groundball, 6, EV 85.6 MPH)
|
Batting: RHB Leo Gonzalez
|
0-0: Ball 1-0: Foul Ball, location: 2F 1-1: Ball 2-1: Ball 3-1: Ground out 2-3 (Groundball, 2R, EV 68.1 MPH)
|
Top of the 8th over - 0 runs, 0 hits, 0 errors, 0 left on base; Chattanooga 1 - Portland 3 |
BOTTOM OF THE 8TH |
Portland Sea Dogs batting - Pitching for Chattanooga Lookouts : LHP John Pedlar
|
Pitching: RHP Orlando Guapo
|
|
Batting: SHB Gus Cruz
|
0-0: Foul Ball, location: 2F 0-1: Foul Ball, location: 2F 0-2: Strikes out looking
|
Batting: LHB David Moore
|
0-0: Ball 1-0: Ground out 3-1 (Groundball, 34, EV 103.1 MPH)
|
Batting: RHB Dave Burwell
|
0-0: Ball 1-0: Foul Ball, location: 2F 1-1: Ball 2-1: Called Strike 2-2: Ball 3-2: Fly out, F8 (Flyball, 78M, EV 89.4 MPH)
|
Bottom of the 8th over - 0 runs, 0 hits, 0 errors, 0 left on base; Chattanooga 1 - Portland 3 |
TOP OF THE 9TH |
Chattanooga Lookouts batting - Pitching for Portland Sea Dogs : LHP Kevin Turner
|
Pitching: RHP Aaron Brannon
|
|
Batting: LHB Jon Ventura
|
0-0: Ball 1-0: Fly out, F8 (Flyball, 8LD, EV 104.4 MPH)
|
Batting: RHB Michael McDonald
|
0-0: Ball 1-0: Ground out 6-3 (Groundball, 6, EV 91.9 MPH)
|
Batting: RHB John Dew
|
0-0: Ball 1-0: Swinging Strike 1-1: Ball 2-1: Swinging Strike 2-2: Strikes out looking
|
Top of the 9th over - 0 runs, 0 hits, 0 errors, 0 left on base; Chattanooga 1 - Portland 3 |
|